 Dungeon Sprint DCSS version 0.20.1-1-g8b1a95d (webtiles) character file.

693 wojtek the Basher (level 7, -5/73 HPs)
             Began as a Minotaur Fighter on Jan 1, 2018.
             Was an Initiate of Trog.
             Slain by a chaos spawn (11 damage)
             ... summoned by a kobold demonologist
             ... in the Dungeon (Sprint I: "Red Sonja").
             The game lasted 00:01:03 (688 turns).

wojtek the Basher (Minotaur Fighter)                 Turns: 688, Time: 00:01:04

Health: -5/73      AC: 10    Str: 22    XL:     7   Next: 37%
Magic:  6/6        EV:  9    Int:  5    God:    Trog [......]
Gold:   417        SH:  9    Dex: 10    Spells: 6/6 levels left

rFire    . . .     SeeInvis .   a - +0 flail
rCold    . . .     Gourm    .   c - +0 shield
rNeg     . . .     Faith    .   l - +1 ring mail {MR+}
rPois    .         Spirit   .   (helmet restricted)
rElec    .         Reflect  .   m - +0 cloak
rCorr    .         Harm     .   (no gloves)
MR       +....     NoTele   +   (no boots)
Stlth    +.........             (no amulet)
Regen    0.3/turn               (no ring)
MPRegen  0.1/turn               (no ring)

@: no status effects
A: retaliatory headbutt, horns 2
a: Burn Spellbooks, Renounce Religion


You were in the Dungeon.
You worshipped Trog.
Trog was noncommittal.
You were not hungry.

You visited 1 branch You collected 417 gold pieces.

Inventory:

Hand Weapons
 a - a +0 flail (weapon)
Armour
 b - a +0 scale mail
 c - a +0 shield (worn)
 l - a +1 ring mail of magic resistance (worn)
 m - a +0 cloak (worn)
Scrolls
 k - a scroll of blinking
Potions
 d - a potion of might
 e - a potion of curing
 g - a potion of heal wounds
 h - a potion of haste
 i - 2 potions of magic
 j - a potion of berserk rage
Comestibles
 f - a bread ration
 n - 6 chunks of flesh


   Skills:
 + Level 10.5 Fighting
 * Level 11.6 Maces & Flails
 + Level 11.6 Armour
 + Level 2.3 Dodging
 + Level 1.5 Stealth
 - Level 3.6 Shields


You had 6 spell levels left.
You didn't know any spells.

Dungeon Overview and Level Annotations

Branches:
Dungeon (1/1)

Altars:
Cheibriados
Dithmenos
Elyvilon
Fedhas
Gozag
Hepliaklqana
Kikubaaqudgha
Makhleb
Nemelex Xobeh
Okawaru
Qazlal
Ru
Sif Muna
Trog
Uskayaw
Vehumet
Xom
Yredelemnul
Zin
The Shining One
Jiyva
Lugonu

Shops:
D }


Innate Abilities, Weirdness & Mutations

You reflexively headbutt those who attack you in melee.
You have a pair of horns on your head.


Message History

You block the chaos spawn's attack.
The smoke demon hits you but does no damage. x2
You block the smoke demon's attack.
You bludgeon the kobold demonologist!!
The kobold demonologist is severely wounded.
You block the kobold demonologist's attack.
The chaos spawn hits you!
* * * LOW HITPOINT WARNING * * *
The chaos spawn freezes you!
* * * LOW HITPOINT WARNING * * *
The smoke demon closely misses you.
The smoke demon hits you but does no damage. x2
Okay, then.
Unknown command.
You miss the kobold demonologist.
The kobold demonologist is severely wounded.
The kobold demonologist hits you with a dagger.
* * * LOW HITPOINT WARNING * * *
The chaos spawn gores you!
You die...

#####################
.)..#..'..#__#.4@4K4#
.#..').#..'..'..#K3.#
###'#####'#__####...+
##..#...#.#### ####
_####..##.#
____##'#..+
.∩...÷..._#
..__##_.#'#
____###+#(#


You could see an ice devil, 2 kobold demonologists, a smoke demon and 2 chaos
spawn.

Vanquished Creatures
  A slime creature (D)
  Sigmund (D)
  A yak (D)
  A floating eye (D)
  An ogre (D)
  A jelly (D)
  Ijyb (D)
7 creatures vanquished.

Vanquished Creatures (others)
  A gargoyle (D)
1 creature vanquished.

Grand Total: 8 creatures vanquished

Notes
Turn   | Place    | Note
-------+----------+-------------------------------------------
     0 | D        | wojtek the Minotaur Fighter began the quest for the Orb.
     0 | D        | Reached XP level 1. HP: 19/19 MP: 0/0
     1 | D        | Noticed Ijyb
    11 | D        | Killed Ijyb
    11 | D        | Reached skill level 5 in Fighting
    11 | D        | Reached XP level 2. HP: 11/29 MP: 1/1
   201 | D        | Noticed an ogre
   207 | D        | Killed an ogre
   207 | D        | Reached skill level 1 in Dodging
   207 | D        | Reached XP level 3. HP: 34/39 MP: 2/2
   207 | D        | Reached XP level 4. HP: 41/47 MP: 3/3
   245 | D        | Noticed Sigmund
   254 | D        | Killed Sigmund
   254 | D        | Reached skill level 1 in Stealth
   254 | D        | Reached XP level 5. HP: 39/56 MP: 4/4
   347 | D        | Found a burning altar of Makhleb.
   347 | D        | Found a viscous altar of Jiyva.
   347 | D        | Found a shimmering altar of Xom.
   347 | D        | Found a corrupted altar of Lugonu.
   347 | D        | Noticed a slime creature
   356 | D        | Killed a slime creature
   356 | D        | Reached skill level 10 in Maces & Flails
   356 | D        | Reached skill level 10 in Armour
   356 | D        | Reached XP level 6. HP: 20/64 MP: 5/5
   359 | D        | Killed a gargoyle
   575 | D        | Found a deep blue altar of Sif Muna.
   577 | D        | Found a radiant altar of Vehumet.
   610 | D        | Found Puhusass's Gadget Emporium.
   610 | D        | Found an ancient bone altar of Kikubaaqudgha.
   610 | D        | Found a hazy altar of Hepliaklqana.
   610 | D        | Found a stormy altar of Qazlal.
   610 | D        | Found a hide-covered altar of Uskayaw.
   610 | D        | Found a blossoming altar of Fedhas.
   610 | D        | Found a bloodstained altar of Trog.
   610 | D        | Found an iron altar of Okawaru.
   610 | D        | Found a basalt altar of Yredelemnul.
   610 | D        | Found a glowing golden altar of the Shining One.
   610 | D        | Found a snail-covered altar of Cheibriados.
   610 | D        | Found a sacrificial altar of Ru.
   610 | D        | Found a glowing silver altar of Zin.
   610 | D        | Found a shadowy altar of Dithmenos.
   610 | D        | Found a white marble altar of Elyvilon.
   610 | D        | Noticed a yak
   615 | D        | Killed a yak
   615 | D        | Reached skill level 10 in Fighting
   615 | D        | Reached XP level 7. HP: 63/72 MP: 6/6
   616 | D        | Found an opulent altar of Gozag.
   619 | D        | Found a sparkling altar of Nemelex Xobeh.
   623 | D        | Became a worshipper of Trog the Wrathful
   676 | D        | Noticed a kobold demonologist
   677 | D        | Noticed a kobold demonologist
   678 | D        | Noticed a smoke demon
   679 | D        | Paralysed by a floating eye for 2 turns
   680 | D        | Noticed a chaos spawn
   682 | D        | Noticed a chaos spawn
   685 | D        | Noticed an ice devil
   688 | D        | Slain by a chaos spawn

Skill      XL: |  1  2  3  4  5  6 |
---------------+-------------------+-----
Fighting       | 5 7 8 9 10 | 10.5
Maces & Flails | 3 6 8 10 11 | 11.6
Armour         | 6 7 9 10 11 | 11.6
Dodging        | 1 2 |  2.3
Stealth        | 1 |  1.5
Shields        | |  3.6

Action                   |  1- 3 |  4- 6 |  7- 9 || total
-------------------------+-------+-------+-------++-------
Melee: Flail             |    14 |    22 |     9 ||    45
       Headbutt          |     1 |     6 |     2 ||     9
Armor: Ring mail         |       |     2 |     9 ||    11
Dodge: Dodged            |     3 |     3 |     4 ||    10
Block: Shield            |     5 |     8 |     9 ||    22
